details: 'murgol oasis fast expo'

« prev index next »

General information

Mini Map

Players

team 1
Random» OrcThinking_Of_You (blue | 34 APM | 587 actions | 17:15)
Hero icon 6 Tauren Chieftain
Ability icon 2 War Stomp
Ability icon 3 Endurance Aura
Ability icon 1 Reincarnation

» actions
Assign group hotkey3
Basic commands6
Build / train48
Enter build submenu15
Enter hero's abilities submenu6
Give item / drop item1
Remove unit from queue1
Right click258
Select / deselect209
Select group hotkey1
Use ability39
587 total
» units
Peon8
Grunt8
Tauren3
Troll Witch Doctor2
Shaman2
23 total
» upgrades
Melee Weapons2
Armor2
Berserker Strength1
Shaman Training2
Witch Doctor Training2
9 total
» buildings
Orc Burrow6
Barracks1
Altar of Storms1
Voodoo Lounge1
War Mill1
Stronghold1
Fortress1
Spirit Lodge2
Tauren Totem2
16 total
» build order
00:33 Orc Burrow
00:37 Barracks
00:51 Altar of Storms
01:31 Orc Burrow
01:55 Voodoo Lounge
02:32 War Mill
02:58 Orc Burrow
05:51 Stronghold
07:51 Orc Burrow
09:40 Fortress
09:45 Spirit Lodge
09:47 Spirit Lodge
11:14 Orc Burrow
11:17 Orc Burrow
12:24 Tauren Totem
12:29 Tauren Totem
» items
Healing Salve4
Lesser Clarity Potion1
Scroll of Town Portal1
6 total
NightElflKN0WHATIMDOlN (purple | 94 APM | 1742 actions | 18:27)
Hero icon 6 Priestess of the Moon
Ability icon 3 Trueshot Aura
Ability icon 1 Scout
Ability icon 1 Searing Arrows
Ability icon 1 Starfall

» actions
Assign group hotkey28
Basic commands163
Build / train51
Enter build submenu13
Enter hero's abilities submenu6
Remove unit from queue1
Right click324
Select / deselect248
Select group hotkey865
Use ability42
1742 total
» units
Wisp10
Archer15
Hippogryph8
33 total
» upgrades
Strength of the Moon3
Improved Bows1
Hippogryph Taming1
Moon Armor3
Marksmanship1
9 total
» buildings
Altar of Elders1
Moon Well6
Ancient of War1
Tree of Ages1
Hunter's Hall1
Ancient of Wind2
Tree of Eternity1
Tree of Life1
14 total
» build order
00:08 Altar of Elders
00:16 Moon Well
00:18 Moon Well
00:48 Ancient of War
01:27 Moon Well
02:31 Tree of Ages
03:02 Moon Well
03:35 Hunter's Hall
04:33 Moon Well
04:56 Ancient of Wind
04:58 Ancient of Wind
08:32 Moon Well
09:55 Tree of Eternity
16:34 Tree of Life
HumanTiaoDaMobilet (green | 61 APM | 884 actions | 14:32)
Hero icon 2 Archmage
Ability icon 1 Summon Water Elemental
Ability icon 1 Brilliance Aura
Hero icon 1 Blood Mage
Ability icon 1 Flame Strike

» actions
Assign group hotkey23
Basic commands51
Build / train34
ESC pressed1
Enter build submenu18
Enter hero's abilities submenu3
Right click318
Select / deselect199
Select group hotkey165
Use ability72
884 total
» units
Peasant13
Mortar Team6
19 total
» upgrades
Lumber Harvesting1
Gunpowder1
2 total
» buildings
Altar of Kings1
Farm9
Lumber Mill1
Keep6
Blacksmith1
Scout Tower1
Workshop2
Arcane Sanctum1
Guard Tower1
23 total
» build order
00:09 Altar of Kings
00:37 Farm
00:40 Farm
01:14 Lumber Mill
02:24 Keep
02:24 Keep
02:24 Keep
02:25 Keep
02:31 Blacksmith
03:47 Farm
04:25 Scout Tower
04:50 Workshop
04:59 Workshop
05:07 Arcane Sanctum
05:09 Guard Tower
07:25 Farm
07:33 Farm
07:52 Farm
09:17 Farm
09:21 Farm
Random» NightElfCoilNovaMyMemok (red | 81 APM | 1515 actions | 18:48)
Hero icon 2 Keeper of the Grove
Ability icon 1 Force of Nature
Ability icon 1 Thorns Aura

» actions
Assign group hotkey91
Basic commands110
Build / train35
ESC pressed6
Enter build submenu33
Enter hero's abilities submenu2
Give item / drop item4
Right click736
Select / deselect222
Select group hotkey200
Use ability76
1515 total
» units
Wisp18
Chimaera6
24 total
» upgrades
Strength of the Wild1
Reinforced Hides1
Ultravision1
3 total
» buildings
Altar of Elders1
Moon Well7
Tree of Ages2
Hunter's Hall1
Tree of Eternity1
Ancient of Wind3
Chimaera Roost7
Tree of Life2
Ancient Protector8
32 total
» build order
00:16 Altar of Elders
00:20 Moon Well
01:26 Moon Well
01:28 Moon Well
02:34 Tree of Ages
02:34 Tree of Ages
02:39 Hunter's Hall
05:47 Tree of Eternity
06:38 Ancient of Wind
06:39 Ancient of Wind
06:39 Ancient of Wind
06:42 Moon Well
06:43 Moon Well
06:43 Moon Well
06:43 Moon Well
08:12 Chimaera Roost
08:13 Chimaera Roost
08:14 Chimaera Roost
08:19 Chimaera Roost
10:52 Chimaera Roost
10:52 Chimaera Roost
12:07 Chimaera Roost
13:22 Tree of Life
15:24 Tree of Life
16:18 Ancient Protector
16:18 Ancient Protector
16:19 Ancient Protector
16:20 Ancient Protector
16:21 Ancient Protector
16:24 Ancient Protector
16:24 Ancient Protector
16:29 Ancient Protector
» items
Boots of Speed1
Staff of Teleportation1
2 total
team 2
Random» NightElfAlex.Magno (yellow | 49 APM | 335 actions | 06:48)
Hero icon 2 Priestess of the Moon
Ability icon 1 Searing Arrows
Ability icon 1 Trueshot Aura

» actions
Build / train26
Enter build submenu10
Enter hero's abilities submenu2
Right click197
Select / deselect88
Use ability12
335 total
» units
Wisp11
Archer8
19 total
» buildings
Altar of Elders1
Moon Well8
Ancient of War1
Tree of Ages4
Hunter's Hall1
15 total
» build order
00:08 Altar of Elders
00:16 Moon Well
00:16 Moon Well
00:17 Moon Well
00:50 Ancient of War
01:35 Moon Well
01:35 Moon Well
03:21 Moon Well
04:26 Moon Well
04:44 Tree of Ages
04:45 Tree of Ages
04:45 Tree of Ages
05:13 Hunter's Hall
05:25 Moon Well
Random» Undeadgofyourself (pink | 36 APM | 245 actions | 06:53)
Hero icon 2 Dreadlord
Ability icon 1 Vampiric Aura
Ability icon 1 Carrion Swarm

» actions
Basic commands10
Build / train16
Enter build submenu8
Enter hero's abilities submenu2
Right click145
Select / deselect56
Use ability8
245 total
» units
Acolyte2
Ghoul9
11 total
» buildings
Altar of Darkness1
Ziggurat3
Crypt2
Nerubian Tower1
Halls of the Dead1
Graveyard1
9 total
» build order
00:07 Altar of Darkness
00:09 Ziggurat
00:44 Crypt
01:14 Ziggurat
01:37 Crypt
02:03 Nerubian Tower
02:46 Ziggurat
04:30 Halls of the Dead
04:36 Graveyard
Random» Humanjasonstathamusa (orange | 99 APM | 1856 actions | 18:48)
Hero icon 4 Blood Mage
Ability icon 2 Flame Strike
Ability icon 2 Siphon Mana
Hero icon 2 Archmage
Ability icon 1 Brilliance Aura
Ability icon 1 Blizzard
Hero icon 2 Dreadlord
Ability icon 1 Carrion Swarm
Ability icon 1 Vampiric Aura
Hero icon 3 Priestess of the Moon
Ability icon 2 Trueshot Aura
Ability icon 1 Scout
Hero icon 3 Pandaren Brewmaster
Ability icon 2 Breath of Fire
Ability icon 1 Drunken Brawler

» actions
Assign group hotkey69
Basic commands60
Build / train158
Enter build submenu43
Enter hero's abilities submenu14
Right click608
Select / deselect443
Select group hotkey335
Use ability125
1856 total
» units
Peasant22
Footman12
Gargoyle30
Huntress4
Archer11
Rifleman34
113 total
» upgrades
Masonry1
Strength of the Moon1
Moon Armor1
Improved Bows1
4 total
» buildings
Altar of Kings1
Farm21
Arcane Vault1
Barracks5
Lumber Mill1
Keep1
Town Hall1
Scout Tower12
Ancient of War2
Guard Tower5
Blacksmith2
Ziggurat3
Nerubian Tower3
Moon Well3
Castle1
62 total
» build order
00:16 Altar of Kings
00:19 Farm
00:50 Arcane Vault
01:03 Farm
01:35 Barracks
02:03 Farm
02:10 Farm
03:19 Lumber Mill
03:28 Farm
04:18 Keep
07:10 Town Hall
07:42 Scout Tower
07:42 Scout Tower
07:43 Scout Tower
07:43 Scout Tower
07:44 Scout Tower
07:47 Scout Tower
07:48 Scout Tower
07:48 Scout Tower
07:55 Ancient of War
07:56 Ancient of War
08:02 Barracks
09:46 Guard Tower
09:46 Guard Tower
09:59 Blacksmith
10:01 Scout Tower
10:01 Scout Tower
10:02 Scout Tower
10:21 Ziggurat
10:21 Ziggurat
10:23 Ziggurat
10:30 Barracks
10:31 Farm
10:58 Guard Tower
11:01 Nerubian Tower
11:30 Nerubian Tower
11:30 Nerubian Tower
11:32 Blacksmith
11:37 Farm
12:06 Farm
12:07 Farm
12:08 Guard Tower
12:10 Farm
12:10 Farm
12:11 Farm
13:45 Farm
13:45 Farm
13:46 Farm
13:46 Farm
13:46 Farm
14:32 Farm
14:35 Moon Well
14:35 Moon Well
14:35 Moon Well
15:13 Castle
15:56 Barracks
15:58 Barracks
16:01 Farm
» items
Lesser Clarity Potion2
Mechanical Critter4
Staff of Teleportation1
Scroll of Regeneration2
9 total
Humanionlymakepeons (teal | 10 APM | 68 actions | 06:51)
Hero icon 1 Archmage
Ability icon 1 Blizzard

» actions
Basic commands4
Build / train8
ESC pressed3
Enter build submenu2
Enter hero's abilities submenu1
Right click10
Select / deselect29
Use ability11
68 total
» units
Peasant6
6 total
» buildings
Altar of Kings1
1 total
» build order
03:35 Altar of Kings

Chat log

(00:10 / Allies) lKN0WHATIMDOlN: riders
(00:34 / 8) CoilNovaMyMemok: idk what youre doing but im going mass unmounts
(00:44 / 9) jasonstathamusa: im going to do that trick
(00:47 / 8) CoilNovaMyMemok: lol
(00:51 / 8) CoilNovaMyMemok: what if i come ruin it
(00:57 / 9) jasonstathamusa: D:
(01:01 / 8) CoilNovaMyMemok: is there any way i coudl help
(01:02 / 8) CoilNovaMyMemok: like with kotg
(01:05 / 9) jasonstathamusa: no
(01:08 / 8) CoilNovaMyMemok: uyeah nvm
(01:39 / All) CoilNovaMyMemok: does anyone know how to get cat stains out of a bedsheet?
(01:50 / All) CoilNovaMyMemok: my dog brough home another dead cat and ripped it apart on my bed
(02:03 / All) Thinking_Of_You: that's not good
(02:07 / All) lKN0WHATIMDOlN: i've never had pussy stains on my bed!
(02:08 / 8) CoilNovaMyMemok: your gimmicka lly isnt moving
(02:12 / All) lKN0WHATIMDOlN: sorry cant help
(02:15 / 9) jasonstathamusa: w/e
(02:37 / 8) CoilNovaMyMemok: !drop
(02:37 / 9) jasonstathamusa: can i even do this at the bottom right mine
(02:46 / 8) CoilNovaMyMemok: idk
(02:53 / 8) CoilNovaMyMemok: top right looks easiest
(03:14 / 9) jasonstathamusa: k ill do that one
(03:26 / All) lKN0WHATIMDOlN: wow wtf
(04:10 / All) ionlymakepeons: im pro
(04:28 / 8) CoilNovaMyMemok: i guess ill harass that guys base
(04:33 / 8) CoilNovaMyMemok: so he isnt so efficient a tker
(04:36 / 8) CoilNovaMyMemok: or effective
(04:42 / All) ionlymakepeons: lets rush
(04:48 / Allies) lKN0WHATIMDOlN: 2 late now
(05:01 / Allies) Thinking_Of_You: lol
(05:04 / Allies) Thinking_Of_You: that's their guy
(05:14 / Allies) CoilNovaMyMemok: hit here
(05:16 / 9) jasonstathamusa: that guy is near my thing
(05:17 / Allies) CoilNovaMyMemok: he doesnt have nothing
(05:18 / 9) jasonstathamusa: fauck
(05:30 / 9) jasonstathamusa: go the hell away
(05:33 / 8) CoilNovaMyMemok: hes tking
(05:43 / 8) CoilNovaMyMemok: tell ur ud to repiar
(06:30 / Allies) lKN0WHATIMDOlN: all tp now
(06:32 / Allies) lKN0WHATIMDOlN: tpo now
(06:44 / All) ionlymakepeons: gold plz
(06:49 / Allies) CoilNovaMyMemok: tp pls
(06:53 / 8) CoilNovaMyMemok: great
(07:02 / 8) CoilNovaMyMemok: i cant tk with 3 ancients of war
(07:05 / 8) CoilNovaMyMemok: wind*
(07:10 / 8) CoilNovaMyMemok: u think u can hold them off
(07:12 / 8) CoilNovaMyMemok: whiel i get chims?
(07:14 / All) TiaoDaMobilet: next?
(07:19 / 9) jasonstathamusa: no dont bother
(07:22 / All) lKN0WHATIMDOlN: gg
(07:26 / 8) CoilNovaMyMemok: we dont ahve much at all
(07:28 / 8) CoilNovaMyMemok: i think we coudl do it
(07:34 / Allies) CoilNovaMyMemok: gold pls to rebuild
(07:37 / All) Thinking_Of_You: gj nub
(07:39 / 9) jasonstathamusa: ill try then
(07:43 / 8) CoilNovaMyMemok: start pumping units
(07:45 / 9) jasonstathamusa: HONK
(07:45 / All) lKN0WHATIMDOlN: wow blue wtf
(08:18 / Allies) TiaoDaMobilet: red kiling hero
(08:20 / 9) jasonstathamusa: HONK
(08:21 / All) CoilNovaMyMemok: leave u lost

(09:43 / 8) CoilNovaMyMemok: shit
(09:44 / Allies) lKN0WHATIMDOlN: red ur an asshole
(09:46 / 8) CoilNovaMyMemok: i strated too soon
(10:05 / Allies) CoilNovaMyMemok: sotp ill play now
(10:09 / Allies) lKN0WHATIMDOlN: fuk u
(10:13 / All) Thinking_Of_You: why the fuck would u tk and then actually try?
(10:22 / Allies) CoilNovaMyMemok: cuz i thought he woudl leave any second now
(10:26 / Allies) lKN0WHATIMDOlN: blue help out
(10:28 / Allies) CoilNovaMyMemok: its 4 v 1

(11:28 / Allies) CoilNovaMyMemok: stop u rtetards
(11:30 / Allies) CoilNovaMyMemok: im tryign now
(11:34 / Allies) lKN0WHATIMDOlN: fuk u ashsole
(11:37 / Allies) lKN0WHATIMDOlN: no ur not
(11:39 / Allies) lKN0WHATIMDOlN: now ur diein
(12:04 / Allies) lKN0WHATIMDOlN: blue u ok?
(12:42 / Allies) TiaoDaMobilet: b
(12:59 / All) CoilNovaMyMemok: gg my allies cant take a joke and throw game
(13:01 / All) CoilNovaMyMemok: all over one level 2 hero
(13:09 / Allies) TiaoDaMobilet: u kill my hero =)
(13:18 / All) lKN0WHATIMDOlN: idiot red noooob fuked us
(13:34 / Allies) lKN0WHATIMDOlN: blue wake the fuk up ashsole
(14:16 / Allies) lKN0WHATIMDOlN: ashsole red n blue
(14:20 / Allies) lKN0WHATIMDOlN: blue now wtf u doin
(14:30 / Allies) TiaoDaMobilet: red nooooooob
(15:08 / All) CoilNovaMyMemok: he kill my whole base
(15:08 / Allies) lKN0WHATIMDOlN: no asshole
(15:14 / Allies) lKN0WHATIMDOlN: cuz u a dipshit
(15:22 / Allies) lKN0WHATIMDOlN: u cant just play a regular game, u gotta fuk around
(16:01 / 8) CoilNovaMyMemok: get those 2 archers out of my base

(17:15 / All) CoilNovaMyMemok: lol you retard im on a 0-0 smurf
(17:17 / All) CoilNovaMyMemok: i planned this with teh enemy all along

(18:21 / All) lKN0WHATIMDOlN: pussy bitch
(18:24 / All) lKN0WHATIMDOlN: wheres u hero
(18:27 / All) CoilNovaMyMemok: enjoy ur satisfying lose
(18:28 / All) CoilNovaMyMemok: LOL